 Dungeon Crawl Stone Soup version 0.27-a0-1084-g78b3836a5f (webtiles) character file.

Game seed: 12613430390203971534

42 karkarkar the Conjurer (level 3, -2/19 HPs)
             Began as a Deep Elf Conjurer on Apr 27, 2021.
             Killed by divine providence
             ... invoked by an orc priest
              (13 damage)
             ... on level 3 of the Dungeon.
             The game lasted 00:11:43 (2186 turns).

karkarkar the Conjurer (Deep Elf Conjurer)          Turns: 2186, Time: 00:11:44

Health: -2/19      AC:  4    Str:  4    XL:     3   Next: 33%
Magic:  6/9        EV: 12    Int: 23    God:
Gold:   61         SH:  5    Dex: 13    Spells: 5/8 levels left

rFire    . . .     SeeInvis .   k - +2 hand axe (drain)
rCold    . . .     Faith    .   (no shield)
rNeg     . . .     Spirit   .   a - +0 robe
rPois    .         Reflect  +   (no helmet)
rElec    .         Harm     .   d - +0 cloak
rCorr    .         Rampage  .   l - +0 pair of gloves
Will     .....                  (no boots)
Stlth    ++........             g - amulet of reflection
HPRegen  0.06/turn              (no ring)
MPRegen  0.11/turn              (no ring)

@: no status effects
A: no striking features
a: no special abilities


You were on level 3 of the Dungeon.
You visited 1 branch of the dungeon, and saw 3 of its levels.

You collected 61 gold pieces.

Inventory:

Hand Weapons
 k - a +2 hand axe of draining (weapon)
Armour
 a - a +0 robe (worn)
 d - a +0 cloak (worn)
 l - a +0 pair of gloves (worn)
Magical Staves
 i - a staff of poison
Jewellery
 g - an amulet of reflection (around neck)
Scrolls
 e - a scroll of enchant weapon
 f - a scroll of enchant armour {unknown}
 h - 2 scrolls of silence
Potions
 b - a potion of degeneration {unknown}
 c - a potion of brilliance {unknown}
 j - a potion of heal wounds {unknown}


   Skills:
 + Level 2.5 Dodging
 + Level 3.0 Stealth
 + Level 3.2 Spellcasting
 + Level 5.3 Conjurations


You had 5 spell levels left.
You knew the following spells:

 Your Spells              Type           Power      Damage    Failure   Level
a - Magic Dart            Conj           100%       1d8       1%          1
b - Searing Ray           Conj           56%        3d5       1%          2

Your spell library contained the following spells:

 Spells                   Type           Power      Damage    Failure   Level
 Dazzling Flash           Conj/Hex       32%        N/A       12%         3
 Fulminant Prism          Conj/Hex       8%         3d7       36%         4
 Iskenderun's Mystic Bla  Conj/Tloc      16%        2d5       36%         4


Dungeon Overview and Level Annotations

Branches:
Dungeon (3/15)

Altars:
Kikubaaqudgha


Message History

Things that are here:
a +0 club; a +0 leather armour
Items here: ( )) [ ††.
Found a stone staircase leading down.
A gnoll comes into view. It is wielding a +0 club.
A gnoll comes into view. It is wielding a +0 flail.
There is a stone staircase leading down here.
A quokka comes into view.
The magic dart hits the quokka.
The quokka is moderately wounded.
The magic dart hits the quokka but does no damage.
The quokka is moderately wounded.
The magic dart hits the quokka.
The quokka is almost dead.
The magic dart hits the quokka.
You kill the quokka!
An endoplasm comes into view.
The magic dart hits the endoplasm.
The endoplasm is lightly wounded.
The endoplasm quivers.
The magic dart hits the endoplasm.
The endoplasm is heavily wounded.
The magic dart hits the endoplasm but does no damage.
The endoplasm is heavily wounded.
The magic dart hits the endoplasm.
You kill the endoplasm!
You open the door.
There is an open door here.
The searing ray misses the orc priest. (Press . to maintain the ray.)
The orc priest shouts!
You hear a shout!
The orc priest mumbles some strange prayers to Beogh against you.
Pain shoots through your body!
You hear a shout!
The searing ray hits the orc priest.
The orc priest is heavily wounded.
The orc priest calls down the wrath of Beogh upon you.
Beogh smites you!
Ouch! That really hurt!
You die...

#..g #.# #.# #.#
#.# #.# #.#
#.####### #.#
#...o...# #.# #@#
#.# #.# #.# #.#
#.#
##########'####.#
#.............#.#
#.............#.#
#.............#.#
####......#####.#
#..###.# #.#


You could see an orc priest.

Vanquished Creatures
  An adder (D:3)
  3 orcs (D:3)
  3 endoplasms
  3 giant cockroaches
  2 hobgoblins
  3 quokkas
  3 ball pythons (D:2)
  2 bats (D:1)
  A frilled lizard (D:1)
  2 goblins (D:1)
  2 kobolds (D:1)
  3 rats (D:1)
28 creatures vanquished.

Notes
Turn   | Place    | Note
-------+----------+-------------------------------------------
     0 | D:1      | karkarkar the Deep Elf Conjurer began the quest for the
                  | Orb.
     0 | D:1      | Reached XP level 1. HP: 10/10 MP: 6/6
     5 | D:1      | Found a faded altar of an unknown god.
   470 | D:1      | Reached XP level 2. HP: 15/15 MP: 6/8
   473 | D:1      | Learned a level 2 spell: Searing Ray
   747 | D:1      | Reached skill level 5 in Conjurations
  1128 | D:2      | Found an ancient bone altar of Kikubaaqudgha.
  1758 | D:3      | Reached XP level 3. HP: 19/19 MP: 5/9
  2186 | D:3      | Killed from afar by an orc priest

Illustrated notes

Levels and vault maps discovered:
D:1:      scummos_arrival_checkerplants, layout_basic,
          hellmonk_ecumenical_altar_run_dry
D:2:      minmay_chambers_of_twos, layout_basic, basic_altar,
          grunt_decor_arrowhead, grunt_decor_cap, minmay_misc_feat_roman
D:3:      layout_basic

Skill      XL: |  1  2  3 |
---------------+----------+-----
Conjurations   | 5 |  5.3
Stealth        | 3 |  3.0
Dodging        | |  2.5
Spellcasting   | |  3.2

Action                   || total
-------------------------++-------
 Cast: Magic Dart        ||    44
       Searing Ray       ||     5
  Use: Scroll            ||     4

Table legend: (Time is in decaauts)
 A = Elapsed time spent in this place.
 B = Non-inter-level travel time spent in this place.
 C = Inter-level travel time spent in this place.
 D = Time resting spent in this place.
 E = Time spent auto-exploring this place.
 F = Levels seen in this place.
 G = Mean time per level.
                   A        B        C        D        E       F      G
               +--------+--------+--------+--------+--------+-----+--------+
         Total |   2184 |   2114 |     70 |      0 |   1575 |   3 |  728.0 |
       Dungeon |   2184 |   2114 |     70 |      0 |   1575 |   3 |  728.0 |
               +--------+--------+--------+--------+--------+-----+--------+

Top non-repeatable levels by time:
     D:1: 1058 daAuts
     D:2: 605 daAuts
     D:3: 520 daAuts
